TOP OF THE 1ST |
Austin River Sharks batting - Pitching for Seattle Pikes : LHP David Hill
|
Pitching: LHP David Hill
|
|
Batting: RHB Todd Bryant
|
0-0: DOUBLE (Flyball, 8RD)
|
Batting: RHB Richard Coker
|
0-0: Ball 1-0: Ball 2-0: Called Strike 2-1: Foul Ball, location: 2F 2-2: Ball 3-2: Foul Ball, location: 2F 3-2: Base on Balls
|
Batting: LHB Greg Nelson
|
0-0: Swinging Strike 0-1: Ball 1-1: Foul Ball, location: 2F 1-2: Strikes out swinging
|
Batting: RHB Manny Copriviza
|
0-0: Foul Ball, location: 2F 0-1: Ball 1-1: Ball 2-1: Ball 3-1: Base on Balls Todd Bryant to third Richard Coker to second
|
Batting: LHB Harry Pitts
|
0-0: Ball 1-0: Swinging Strike 1-1: Ball 2-1: Ball 3-1: Foul Ball, location: 2F 3-2: Fly out, F8 (Flyball, 8LM) Runner from 3rd tags up, SCORES, no throw
|
Batting: RHB Carlos Guzmán
|
0-0: Ball 1-0: Fielders Choice at 2nd, 6-4 (Groundball, 6)
|
Top of the 1st over - 1 run(s), 1 hit(s), 0 error(s), 1 left on base; Austin 1 - Seattle 0 |
BOTTOM OF THE 1ST |
Seattle Pikes batting - Pitching for Austin River Sharks : RHP William Bryan
|
Pitching: RHP William Bryan
|
|
Batting: LHB Roberto Lozano
|
0-0: Ball 1-0: Ground out 6-3 (Groundball, 6MS)
|
Batting: SHB António Hernández
|
0-0: Called Strike 0-1: Called Strike 0-2: Foul Ball, location: 2F 0-2: Ball 1-2: Foul Ball, location: 2F 1-2: Ball 2-2: Reached on error, E5 (Popup, 5L)
|
Batting: RHB Wallace Greene
|
0-0: Called Strike 0-1: Ball 1-1: Called Strike 1-2: Strikes out swinging
|
Batting: RHB Pete Rideout
|
0-0: Ball 1-0: Ball 2-0: Foul Ball, location: 2F 2-1: Ball 3-1: Foul Ball, location: 2F 3-2: Ground out 5-3 (Groundball, 56)
|
Bottom of the 1st over - 0 run(s), 0 hit(s), 1 error(s), 1 left on base; Austin 1 - Seattle 0 |
TOP OF THE 2ND |
Austin River Sharks batting - Pitching for Seattle Pikes : LHP David Hill
|
Batting: LHB José Liñares
|
0-0: Ball 1-0: Ball 2-0: Ball 3-0: Called Strike 3-1: Foul Ball, location: 2F 3-2: Strikes out looking
|
Batting: RHB Eric Neal
|
0-0: DOUBLE (Line Drive, 9LM)
|
Batting: RHB Teddy Bates
|
0-0: Swinging Strike 0-1: Ball 1-1: Foul Ball, location: 2F 1-2: DOUBLE (Line Drive, 78M) Eric Neal scores
|
Batting: RHB Todd Bryant
|
0-0: Foul Ball, location: 2F 0-1: Called Strike 0-2: Fly out, F3 (Popup, 3S)
|
Batting: RHB Richard Coker
|
0-0: Ball 1-0: Ball 2-0: Ball 3-0: Foul Ball, location: 2F 3-1: Called Strike 3-2: Foul Ball, location: 2F 3-2: Strikes out looking
|
Top of the 2nd over - 1 run(s), 2 hit(s), 0 error(s), 1 left on base; Austin 2 - Seattle 0 |
BOTTOM OF THE 2ND |
Seattle Pikes batting - Pitching for Austin River Sharks : RHP William Bryan
|
Batting: LHB Eduardo Gómez
|
0-0: Called Strike 0-1: Fly out, F4 (Popup, 3D)
|
Batting: RHB Iván Gonzáles
|
0-0: SINGLE (Line Drive, 7S)
|
Batting: LHB Richard Hunter
|
0-0: Swinging Strike 0-1: Ball 1-1: Ball 2-1: Foul Ball, location: 2F 2-2: Fly out, F7 (Flyball, 7S)
|
Batting: RHB Bill Mark
|
0-0: Ball 1-0: Ball 2-0: Called Strike 2-1: Ground out 2-3 (Groundball, 15S)
|
Bottom of the 2nd over - 0 run(s), 1 hit(s), 0 error(s), 1 left on base; Austin 2 - Seattle 0 |
TOP OF THE 3RD |
Austin River Sharks batting - Pitching for Seattle Pikes : LHP David Hill
|
Batting: LHB Greg Nelson
|
0-0: Foul Ball, location: 2F 0-1: Ground out 1-3 (Groundball, 13)
|
Batting: RHB Manny Copriviza
|
0-0: Called Strike 0-1: Swinging Strike 0-2: Ball 1-2: Fly out, F9 (Flyball, 9LM)
|
Batting: LHB Harry Pitts
|
0-0: Ball 1-0: Ground out 4-3 (Groundball, 4D)
|
Top of the 3rd over - 0 run(s), 0 hit(s), 0 error(s), 0 left on base; Austin 2 - Seattle 0 |
BOTTOM OF THE 3RD |
Seattle Pikes batting - Pitching for Austin River Sharks : RHP William Bryan
|
Batting: LHB Brandon Cummings
|
0-0: Ground out U3 (Groundball, 34)
|
Batting: LHB Roberto Lozano
|
0-0: Ball 1-0: DOUBLE (Groundball, 3L)
|
Batting: SHB António Hernández
|
0-0: Foul Ball, location: 2F 0-1: Ball 1-1: Ball 2-1: Foul Ball, location: 2F 2-2: SINGLE (Groundball, 4MD) Roberto Lozano to third Runner from 3rd tries for Home, SAFE, no throw
|
Batting: RHB Wallace Greene
|
0-0: Ball 1-0: Fly out, F9 (Flyball, 9S)
|
Batting: RHB Pete Rideout
|
0-0: Called Strike 0-1: DOUBLE (Line Drive, 78XD) António Hernández to third Runner from 3rd tries for Home, SAFE, no throw
|
Batting: LHB Eduardo Gómez
|
0-0: Ball 1-0: Ball 2-0: Foul Ball, location: 2F 2-1: Foul Ball, location: 2F 2-2: Strikes out swinging
|
Bottom of the 3rd over - 2 run(s), 3 hit(s), 0 error(s), 1 left on base; Austin 2 - Seattle 2 |
TOP OF THE 4TH |
Austin River Sharks batting - Pitching for Seattle Pikes : LHP David Hill
|
Batting: RHB Carlos Guzmán
|
0-0: Called Strike 0-1: Ground out 4-3 (Groundball, 4)
|
Batting: LHB José Liñares
|
0-0: Called Strike 0-1: Foul Ball, location: 2F 0-2: Strikes out swinging
|
Batting: RHB Eric Neal
|
0-0: Ball 1-0: Ball 2-0: Ball 3-0: Called Strike 3-1: Base on Balls
|
Batting: RHB Teddy Bates
|
0-0: SINGLE (Groundball, 6MD) Eric Neal to second
|
Batting: RHB Todd Bryant
|
0-0: Called Strike 0-1: SINGLE (Groundball, 25) (infield hit) Eric Neal to third Teddy Bates to second
|
Batting: RHB Richard Coker
|
0-0: Fielders Choice at 2nd, 6-4 (Groundball, 6)
|
Top of the 4th over - 0 run(s), 2 hit(s), 0 error(s), 2 left on base; Austin 2 - Seattle 2 |
BOTTOM OF THE 4TH |
Seattle Pikes batting - Pitching for Austin River Sharks : RHP William Bryan
|
Batting: RHB Iván Gonzáles
|
0-0: Ball 1-0: Ground out 1-3 (Groundball, 15S)
|
Batting: LHB Richard Hunter
|
0-0: Ball 1-0: Ball 2-0: Called Strike 2-1: Ground out 4-3 (Groundball, 4MD)
|
Batting: RHB Bill Mark
|
0-0: Ball 1-0: Ball 2-0: Called Strike 2-1: Called Strike 2-2: Ball 3-2: Strikes out swinging
|
Bottom of the 4th over - 0 run(s), 0 hit(s), 0 error(s), 0 left on base; Austin 2 - Seattle 2 |
TOP OF THE 5TH |
Austin River Sharks batting - Pitching for Seattle Pikes : LHP David Hill
|
Batting: LHB Greg Nelson
|
0-0: Called Strike 0-1: Fly out, F8 (Flyball, 8LM)
|
Batting: RHB Manny Copriviza
|
0-0: Called Strike 0-1: Foul Ball, location: 2F 0-2: Foul Ball, location: 2F 0-2: Ground out 5-3 (Groundball, 5S)
|
Batting: LHB Harry Pitts
|
0-0: Ball 1-0: Ball 2-0: Ball 3-0: Called Strike 3-1: Fly out, F6 (Line Drive, 6M)
|
Top of the 5th over - 0 run(s), 0 hit(s), 0 error(s), 0 left on base; Austin 2 - Seattle 2 |
BOTTOM OF THE 5TH |
Seattle Pikes batting - Pitching for Austin River Sharks : RHP William Bryan
|
Batting: LHB Brandon Cummings
|
0-0: Called Strike 0-1: Ball 1-1: Ball 2-1: Ground out 4-3 (Groundball, 34)
|
Batting: LHB Roberto Lozano
|
0-0: Called Strike 0-1: Foul Ball, location: 2F 0-2: Ground out U3 (Groundball, 3L)
|
Batting: SHB António Hernández
|
0-0: Called Strike 0-1: Ground out 5-3 (Groundball, 56)
|
Bottom of the 5th over - 0 run(s), 0 hit(s), 0 error(s), 0 left on base; Austin 2 - Seattle 2 |
TOP OF THE 6TH |
Austin River Sharks batting - Pitching for Seattle Pikes : LHP David Hill
|
Batting: RHB Carlos Guzmán
|
0-0: Called Strike 0-1: Swinging Strike 0-2: Fly out, F8 (Flyball, 89M)
|
Batting: LHB José Liñares
|
0-0: Called Strike 0-1: Ball 1-1: Foul Ball, location: 2F 1-2: Ball 2-2: Foul Ball, location: 2F 2-2: Strikes out swinging
|
Batting: RHB Eric Neal
|
0-0: Fly out, F9 (Flyball, 9LM)
|
Top of the 6th over - 0 run(s), 0 hit(s), 0 error(s), 0 left on base; Austin 2 - Seattle 2 |
BOTTOM OF THE 6TH |
Seattle Pikes batting - Pitching for Austin River Sharks : RHP William Bryan
|
Batting: RHB Wallace Greene
|
0-0: SINGLE (Line Drive, 7LS)
|
Batting: RHB Pete Rideout
|
0-0: Ball 1-0: Called Strike 1-1: Fly out, F7 (Line Drive, 7)
|
Batting: LHB Eduardo Gómez
|
0-0: Called Strike Wallace Greene is caught stealing 2nd base 0-1: Ball 1-1: SOLO HOME RUN (Flyball, 8LXD), Distance : 440 ft
|
Batting: RHB Iván Gonzáles
|
0-0: Fly out, F7 (Flyball, 7)
|
Bottom of the 6th over - 1 run(s), 2 hit(s), 0 error(s), 0 left on base; Austin 2 - Seattle 3 |
TOP OF THE 7TH |
Austin River Sharks batting - Pitching for Seattle Pikes : LHP David Hill
|
Batting: RHB Teddy Bates
|
0-0: Ground out 5-3 (Groundball, 5)
|
Batting: RHB Todd Bryant
|
0-0: Called Strike 0-1: Foul Ball, location: 2F 0-2: Ground out 5-3 (Groundball, 5S)
|
Batting: RHB Richard Coker
|
0-0: Called Strike 0-1: Ball 1-1: Ball 2-1: Fly out, F9 (Flyball, 9)
|
Top of the 7th over - 0 run(s), 0 hit(s), 0 error(s), 0 left on base; Austin 2 - Seattle 3 |
BOTTOM OF THE 7TH |
Seattle Pikes batting - Pitching for Austin River Sharks : RHP William Bryan
|
Batting: LHB Richard Hunter
|
0-0: SINGLE (Groundball, 6D)
|
Batting: RHB Bill Mark
|
0-0: Ball 1-0: Ball 2-0: Fly out, F7 (Line Drive, 78S)
|
Batting: LHB Brandon Cummings
|
0-0: Ball 1-0: SINGLE (Line Drive, 3L) Richard Hunter to second
|
Pinch Runner at 2nd Arnold Harmon:
|
|
Batting: LHB Roberto Lozano
|
0-0: Called Strike 0-1: Ball Arnold Harmon steals 3rd base Brandon Cummings to second 1-1: Foul Ball, location: 2F 1-2: Foul Ball, location: 2F 1-2: Fly out, F7 (Flyball, 7S) Runner from 3rd tags up, SCORES, throw made
|
Batting: SHB António Hernández
|
0-0: Ball 1-0: Fly out, F6 (Popup, 6)
|
Bottom of the 7th over - 1 run(s), 2 hit(s), 0 error(s), 1 left on base; Austin 2 - Seattle 4 |
TOP OF THE 8TH |
Austin River Sharks batting - Pitching for Seattle Pikes : LHP David Hill
|
Pitching: LHP Manny Sandoval
|
|
Now in RF: Manuel Rico
|
|
Batting: LHB Greg Nelson
|
0-0: Called Strike 0-1: Called Strike 0-2: Strikes out swinging
|
Batting: RHB Manny Copriviza
|
0-0: Foul Ball, location: 2F 0-1: Called Strike 0-2: Ball 1-2: Foul Ball, location: 2F 1-2: Strikes out swinging
|
Batting: LHB Harry Pitts
|
0-0: Called Strike 0-1: Called Strike 0-2: Ball 1-2: Ball 2-2: Strikes out swinging
|
Top of the 8th over - 0 run(s), 0 hit(s), 0 error(s), 0 left on base; Austin 2 - Seattle 4 |
BOTTOM OF THE 8TH |
Seattle Pikes batting - Pitching for Austin River Sharks : RHP William Bryan
|
Batting: RHB Wallace Greene
|
0-0: Fly out, F7 (Line Drive, 7D)
|
Batting: RHB Pete Rideout
|
0-0: Called Strike 0-1: Foul Ball, location: 2F 0-2: Ball 1-2: Ball 2-2: Ball 3-2: SINGLE (Groundball, 6D)
|
Batting: LHB Eduardo Gómez
|
0-0: Ball Pete Rideout is caught stealing 2nd base 1-0: Reached on error, E8 (Flyball, 8RM)
|
Batting: RHB Iván Gonzáles
|
0-0: Foul Ball, location: 2F 0-1: Fly out, F8 (Flyball, 8RD)
|
Bottom of the 8th over - 0 run(s), 1 hit(s), 1 error(s), 1 left on base; Austin 2 - Seattle 4 |
TOP OF THE 9TH |
Austin River Sharks batting - Pitching for Seattle Pikes : LHP Manny Sandoval
|
Pitching: LHP Cristián Escobar
|
|
Batting: RHB Carlos Guzmán
|
0-0: Foul Ball, location: 2F 0-1: Called Strike 0-2: Ball 1-2: Ground out 6-3 (Groundball, 6)
|
Batting: LHB José Liñares
|
0-0: Single, Error in OF, E9, batter to second base
|
Pinch Hitting: RHB Dexter Potter
|
0-0: Ball 1-0: Ground out 6-3 (Groundball, 6)
|
Batting: RHB Teddy Bates
|
0-0: Called Strike 0-1: Fly out, F8 (Flyball, 8LM)
|
Top of the 9th over - 0 run(s), 1 hit(s), 1 error(s), 1 left on base; Austin 2 - Seattle 4 |
|